 Dungeon Crawl Stone Soup version 0.26.0-20-g3ca415f5b8 (webtiles) character file.

Game seed: 11421513287884286747

196 kaeus the Skirmisher (level 5, 0/47 HPs)
             Began as a Minotaur Abyssal Knight on Jan 26, 2021.
             Was a Follower of Lugonu.
             Succumbed to Sigmund's poison
             ... on level 2 of the Dungeon.
             The game lasted 00:03:01 (2198 turns).

kaeus the Skirmisher (Minotaur Abyssal Knight)      Turns: 2198, Time: 00:03:02

Health: 0/47       AC: 12    Str: 18    XL:     5   Next: 46%
Magic:  3/6        EV:  6    Int:  9    God:    Lugonu [*.....]
Gold:   105        SH:  0    Dex:  9    Spells: 4/4 levels left

rFire    x . .     SeeInvis .   a - +1 hand axe
rCold    + . .     Faith    .   (no shield)
rNeg     . . .     Spirit   .   g - +0 plate armour
rPois    .         Reflect  .   (helmet restricted)
rElec    .         Harm     .   (no cloak)
rCorr    .         Rampage  .   (no gloves)
Will     .....                  f - +0 pair of boots
Stlth    ..........             (no amulet)
HPRegen  0.15/turn              (no ring)
MPRegen  0.10/turn              h - ring of ice

@: confused, mighty, lethally poisoned (0 -> -24)
A: retaliatory headbutt, horns 2
a: Renounce Religion, Depart the Abyss


You were on level 2 of the Dungeon.
You worshipped Lugonu.
Lugonu was aware of your devotion.
You visited 1 branch of the dungeon, and saw 2 of its levels.
You visited the Abyss 1 time.

You collected 105 gold pieces.

Inventory:

Hand Weapons
 a - a +1 hand axe (weapon)
Armour
 f - a +0 pair of boots (worn)
 g - a +0 plate armour (worn)
Jewellery
 h - a ring of ice (right hand)
 j - an uncursed amulet of regeneration {unknown}
Scrolls
 b - a scroll of enchant armour {unknown}
 c - 2 scrolls of remove curse
 i - a scroll of identify
Potions
 d - a potion of ambrosia


   Skills:
 + Level 4.7 Fighting
 + Level 3.7 Axes
 + Level 3.7 Armour
 + Level 2.7 Dodging
 + Level 2.9 Invocations


You had 4 spell levels left.
You didn't know any spells.
Your spell library was empty.

Dungeon Overview and Level Annotations

Branches:
Dungeon (2/15)

Altars:

Annotations:
D:1 Jessica


Innate Abilities, Weirdness & Mutations

You reflexively headbutt those who attack you in melee.
You have a pair of horns on your head.


Message History

Sigmund points at you and mumbles some strange words.
The magic dart hits you but does no damage.
You take 3 damage, and have 5/33 hp.
You slash Sigmund!
You kill Sigmund!
Lugonu accepts your kill.
* * * LOW HITPOINT WARNING * * *
You feel very sick.
Your Dodging skill increases to level 2!
You have reached level 4!
You feel stronger.
You have reached level 5!
You take 1 damage, and have 4/47 hp.
You start putting on your amulet.
You continue putting on your dented cameo amulet.
Keep equipping yourself?
* * * LOW HITPOINT WARNING * * *
You feel sick.
You continue putting on your dented cameo amulet.
You die...

#.#....[.#.....#
#.#......#.....#
#.#......#.....#
#.#......#
#.#......#
#.#'#########
#...........#
+<..........# ##
#.@)........# #.
+...........# #.
#...........# #.
#....^......# #.
#...........######.
#########..÷.÷..{..
#..#.##.#..
#...)##....
#..##..##..


There were no monsters in sight!

Vanquished Creatures
  Sigmund (D:2)
  An adder (D:2)
  An ooze (D:1)
  A worm (D:2)
  3 leopard geckos
  A ball python (D:1)
  6 bats
  3 giant cockroaches
  3 goblins
  3 hobgoblins (D:1)
  2 kobolds
  3 rats
28 creatures vanquished.

Notes
Turn   | Place    | Note
-------+----------+-------------------------------------------
     0 | Abyss:1  | kaeus the Minotaur Abyssal Knight began the quest for the
                  | Orb.
     0 | Abyss:1  | Reached XP level 1. HP: 19/19 MP: 1/1
    43 | Abyss:1  | Found a viscous altar of Jiyva.
    94 | D:1      | Escaped the Abyss
   145 | D:1      | Reached XP level 2. HP: 27/27 MP: 2/2
   849 | D:2      | Reached skill level 4 in Fighting
   868 | D:2      | Reached XP level 3. HP: 17/33 MP: 3/3
  1205 | D:2      | Noticed Sigmund
  1205 | D:2      | Noticed Jessica
  2196 | D:2      | Killed Sigmund
  2197 | D:2      | Reached XP level 4. HP: 3/41 MP: 3/5
  2197 | D:2      | Reached XP level 5. HP: 4/47 MP: 3/6
  2197 | D:2      | HP: 2/47 [poisoned by Sigmund]
  2198 | D:2      | Succumbed to Sigmund's poison

Illustrated notes

Levels and vault maps discovered:
D:1:      dpeg_arrival_connections, layout_basic
D:2:      minmay_evil_eye, layout_basic, st_stairs_7, amethyst_killhole,
          uniq_jessica, uniq_sigmund

Skill      XL: |  1  2  3 |
---------------+----------+-----
Invocations    | 2 |  2.9
Fighting       | 4 |  4.7
Axes           | 3 |  3.7
Armour         | 3 |  3.7
Dodging        | 2 |  2.7

Action                   |  1- 3 |  4- 6 || total
-------------------------+-------+-------++-------
Melee: Hand axe          |    80 |       ||    80
       Headbutt          |    10 |       ||    10
  Use: Scroll            |     2 |       ||     2
       Potion            |     2 |       ||     2
Armor: Plate armour      |    57 |       ||    57
       Leather armour    |     3 |       ||     3
Dodge: Dodged            |    28 |       ||    28
